 Dungeon Crawl Stone Soup version 0.27.1 (webtiles) character file.

Game seed: 4774266077899400845

189 101zpm the Shield-Bearer (level 5, -4/33 HPs)
             Began as a Gargoyle Fighter on Aug 19, 2021.
             Killed by divine providence
             ... invoked by an orc priest
              (8 damage)
             ... on level 4 of the Dungeon on Aug 31, 2021.
             The game lasted 00:05:40 (2356 turns).

101zpm the Shield-Bearer (Gargoyle Fighter)         Turns: 2356, Time: 00:05:41

Health: -4/33      AC: 13    Str: 20    XL:     5   Next: 68%
Magic:  5/5        EV:  7    Int:  9    God:
Gold:   93         SH:  9    Dex:  9    Spells: 4/4 levels left

rFire    . . .     SeeInvis .   a - +0 flail
rCold    . . .     Faith    .   c - +0 kite shield
rNeg     + . .     Spirit   .   b - +0 scale mail
rPois    ∞         Reflect  .   l - +0 helmet
rElec    +         Harm     .   r - +0 cloak
rCorr    .         Rampage  .   (no gloves)
Will     +....                  (no boots)
Stlth    ..........             (no amulet)
HPRegen  0.11/turn              g - ring of willpower
MPRegen  0.09/turn              (no ring)

@: no status effects
A: sickness immunity, AC +4, negative energy resistance 1, electricity
resistance, torment resistance 1, petrification resistance
a: no special abilities


You were on level 4 of the Dungeon.
You visited 1 branch of the dungeon, and saw 4 of its levels.

You collected 93 gold pieces.

Inventory:

Hand Weapons
 a - a +0 flail (weapon)
Armour
 b - a +0 scale mail (worn)
 c - a +0 kite shield (worn)
 l - a +0 helmet (worn)
 r - a +0 cloak (worn)
 u - a +2 scale mail of fire resistance
Jewellery
 g - a ring of willpower (left hand)
Wands
 n - a wand of iceblast (9)
Scrolls
 e - a scroll of enchant weapon
 f - a scroll of acquirement {unknown}
 i - 8 scrolls of identify
 j - a scroll of brand weapon {unknown}
 k - a scroll of holy word {unknown}
 m - a scroll of fear {unknown}
 o - a scroll of immolation {unknown}
 s - a scroll of blinking {unknown}
 t - a scroll of noise {unknown}
Potions
 d - a potion of might
 h - a potion of degeneration {unknown}
 p - 2 potions of curing {unknown}
 q - a potion of haste {unknown}


   Skills:
 + Level 3.8 Fighting
 + Level 3.8 Maces & Flails
 + Level 4.0 Armour
 + Level 0.8 Dodging
 + Level 0.1 Stealth
 + Level 4.4 Shields


You had 4 spell levels left.
You didn't know any spells.
Your spell library contained the following spells:

 Spells                   Type           Power      Damage    Failure   Level
 Stone Arrow              Conj/Erth      0%         3d7       100%        3
 Bolt of Magma            Conj/Fire/Erth 0%         4d4       100%        5
 Shatter                  Erth           0%         3d5*      100%        9


Dungeon Overview and Level Annotations

Branches:
Dungeon (4/15)
 Temple: D:4-7

Altars:
Sif Muna
Vehumet

Shops:
D:3 *


Innate Abilities, Weirdness & Mutations

You are immune to sickness and miasma.
Your stone body is resilient. (AC +4)
You are immune to poison.
You resist negative energy. (rN+)
You are resistant to electric shocks. (rElec)
You are resistant to unholy torment.
You are immune to petrification.


Message History

You see here a +0 club.
The orc hits you with a +0 club.
The orc priest calls down the wrath of Beogh upon you.
Pain shoots through your body!
An ogre comes into view. It is wielding a +0 giant spiked club.
You block the adder's attack. You block the adder's attack.
An orc comes into view. It is wielding a +0 flail.
The orc shouts!
You hear a shout! x2
The orc priest begins to cast a cantrip, but forgets the words!
An orc comes into view. It is wielding a +0 hand axe.
The adder bites you but does no damage. x2
The orc barely misses you.
Found a stone staircase leading up.
You sock the orc!
The orc is almost dead.
The orc barely misses you. The orc hits you with a +0 whip.
You sock the orc!
You kill the orc!
You block the adder's attack.
You barely miss the adder.
The adder bites you but does no damage. x2
You closely miss the adder.
The orc priest calls down the wrath of Beogh upon you.
Beogh smites you! The adder bites you but does no damage.
An orc comes into view. It is wielding a +0 mace.
You block the adder's attack.
You hit the adder.
The adder is lightly wounded.
The adder bites you but does no damage.
You closely miss the adder.
The adder is lightly wounded.
The adder bites you but does no damage.
The orc priest mumbles some strange prayers to Beogh against you.
Beogh smites you!
* * * LOW HITPOINT WARNING * * *
The adder barely misses you. You block the adder's attack.
The orc priest invokes the aid of Beogh against you.
Beogh smites you!
You die...

### .. .. o #.
#.##############..
#..oOoooS.@..<....
#.
###oo########+####
( ###....# .
#.oo##.###
#.#.#..#...+
#?#'#.....##
#..o...##.#
#...).....#
#.....#####


You could see an ogre, an orc priest, an adder and 5 orcs.

Vanquished Creatures
  A necrophage (D:3)
  5 adders (D:2)
  6 orcs
  5 bats
  An endoplasm (D:2)
  2 giant cockroaches (D:2)
  8 goblins
  2 hobgoblins
  3 jackals (D:3)
  A quokka (D:1)
  5 ball pythons
  A frilled lizard (D:2)
  8 kobolds
  3 rats
51 creatures vanquished.

Vanquished Creatures (others)
  24 plants (D:2)
24 creatures vanquished.

Grand Total: 75 creatures vanquished

Notes
Turn   | Place    | Note
-------+----------+-------------------------------------------
     0 | D:1      | 101zpm the Gargoyle Fighter began the quest for the Orb.
     0 | D:1      | Reached XP level 1. HP: 14/14 MP: 1/1
   185 | D:1      | Reached XP level 2. HP: 18/19 MP: 2/2
   202 | D:1      | You fall into a shaft and drop 1 floor!
   352 | D:2      | Reached XP level 3. HP: 17/23 MP: 3/3
  1260 | D:2      | Reached XP level 4. HP: 23/28 MP: 4/4
  2032 | D:3      | Found a faded altar of an unknown god.
  2032 | D:3      | Found a shimmering blue altar of Sif Muna.
  2085 | D:3      | Noticed a necrophage
  2105 | D:3      | Killed a necrophage
  2106 | D:3      | Reached XP level 5. HP: 25/33 MP: 5/5
  2175 | D:3      | Upgraded the game from 0.27.0-65-ge2af304b15 to 0.27.1
  2268 | D:3      | Found a radiant altar of Vehumet.
  2287 | D:3      | Found Xacwej's General Store.
  2338 | D:4      | Noticed an ogre
  2356 | D:4      | Killed from afar by an orc priest

Illustrated notes

Levels and vault maps discovered:
D:1:      amcnicky_arrival_abandoned_market, layout_rooms, grunt_decor_clamped,
          roderic_lattice_a
D:2:      layout_basic, hangedman_abyss_or_decor_lesser_grid,
          serial_bayou_pond_c, minmay_pentomino_s4
D:3:      layout_rooms, mainiacjoe_overflow_alcove_1,
          mainiacjoe_overflow_cross_hatched, mainiacjoe_overflow_divided_tiny,
          serial_shops, nicolae_shop_stone, ebering_ecumenical_altar_abandoned
D:4:      layout_basic, kennysheep_mini, serial_shops, shop_coins,
          uniq_blork_the_orc

Skill      XL: |  1  2  3  4 |
---------------+-------------+-----
Shields        | 4 |  4.4
Maces & Flails | 3 |  3.8
Armour         | 4 |  4.0
Fighting       | |  3.8
Dodging        | |  0.8
Stealth        | |  0.1

Action                   |  1- 3 |  4- 6 || total
-------------------------+-------+-------++-------
Melee: Flail             |   114 |    84 ||   198
  Use: Scroll            |       |     1 ||     1
Armor: Scale mail        |    78 |    46 ||   124
Dodge: Dodged            |    35 |    26 ||    61
Block: Kite shield       |   100 |    42 ||   142
